[Event "Titled Tuesday Blitz April 25 Early 2023"]
[White "Matveeva, Olga"]
[Black "Schut, Han"]
[WhiteFideId "24107018"]
[BlackFideId "1005561"]
[WhiteElo "2056"]
[BlackElo "2024"]
[Result "1-0"]
[Round "11"]
[TimeControl "180+2"]
[Date "2023.04.25"]
[WhiteClock "0:00:08"]
[BlackClock "0:00:12"]

1. d4 Nf6 2. c4 g6 3. g3 Bg7 4. Bg2 d5 5. cxd5 Nxd5 6. Nc3 Nb6 7. Nf3 Nc6 8. e3 O-O 9. O-O Re8 10. Re1 e5 11. d5 e4 12. dxc6 exf3 13. Bxf3 Rb8 14. a4 bxc6 15. Bxc6 Bd7 16. Bg2 Nc4 17. Nb5 Nxb2 18. Bxb2 Bxb2 19. Rb1 Bxb5 20. axb5 Qxd1 21. Rexd1 Be5 22. Rd7 Bd6 23. Bd5 Re7 24. Rxe7 Bxe7 25. Rb3 Bc5 26. Kg2 Rd8 27. e4 Bb6 28. f4 Kf8 29. Kf3 f5 30. g4 fxe4+ 31. Kxe4 Re8+ 32. Kf3 Re1 33. Rd3 Ke7 34. Bc6 Kf6 35. g5+ Kf7 36. Rd7+ Re7 37. Bd5+ Kf8 38. Rd8+ Kg7 39. Rg8# 1-0


[Site "https://www.chess.com"]

[Event "Titled Tuesday Blitz April 25 Early 2023"]
[White "Mihajlovskij"]
[Black "Kiseleva, Arina"]
[BlackFideId "4164989"]
[WhiteElo "2322"]
[BlackElo "1708"]
[Result "1-0"]
[Round "11"]
[TimeControl "180+2"]
[Date "2023.04.25"]
[WhiteClock "0:00:08"]
[BlackClock "0:00:01"]

1. e4 c6 2. d4 d5 3. e5 Bf5 4. Nc3 e6 5. g4 Bg6 6. Nge2 c5 7. Nf4 Nc6 8. Be3 cxd4 9. Bxd4 Bxc2 10. Qxc2 Nxd4 11. Qa4+ Nc6 12. Bb5 Qc7 13. O-O-O Ne7 14. Rhe1 a6 15. Bf1 Rc8 16. Kb1 Qa5 17. Qc2 d4 18. Ne4 Qxe5 19. Nd3 Qc7 20. Qc5 Nd5 21. Qc2 Ncb4 22. Nxb4 Bxb4 23. Qxc7 Rxc7 24. Re2 Nf4 25. Rc2 Rxc2 26. Kxc2 e5 27. a3 Be7 28. Ng3 O-O 29. Nf5 Rc8+ 30. Kb1 Bg5 31. h4 Bd8 32. g5 g6 33. Nd6 Rc7 34. Ne4 Be7 35. a4 Kg7 36. b3 Bb4 37. Bc4 Rd7 38. Nf6 Rd8 39. Kc2 h5 40. f3 d3+ 41. Bxd3 Nxd3 42. Rxd3 Rxd3 43. Kxd3 Be7 44. Nd5 Bd8 45. Ke4 f6 46. f4 exf4 47. Kxf4 fxg5+ 48. hxg5 Kf7 49. Ne3 Ke6 50. Ng2 Bc7+ 51. Ke4 b5 52. axb5 axb5 53. Nh4 Bd6 54. Nxg6 Kf7 55. Nh4 Be7 56. Kf5 Kg7 57. Ng2 Bd8 58. Nf4 h4 59. Kg4 h3 60. Nxh3 1-0


[Site "https://www.chess.com"]

[Event "Titled Tuesday Blitz April 25 Early 2023"]
[White "Torres Dominguez, David"]
[Black "Pavlidis, Anastasios"]
[WhiteFideId "2220857"]
[BlackFideId "4208404"]
[WhiteElo "1999"]
[BlackElo "2210"]
[Result "0-1"]
[Round "11"]
[TimeControl "180+2"]
[Date "2023.04.25"]
[WhiteClock "0:00:54"]
[BlackClock "0:02:29"]

1. e4 c6 2. Nf3 d5 3. d3 dxe4 4. dxe4 Qxd1+ 5. Kxd1 Bg4 6. Be2 Nd7 7. Nfd2 Bxe2+ 8. Kxe2 Ngf6 9. f3 O-O-O 10. Nb3 e5 11. Be3 c5 12. N1d2 b6 13. a4 Nb8 14. Nc4 Nc6 15. c3 Kb7 16. Rhd1 Be7 17. Bg5 a6 18. Bxf6 gxf6 19. Rxd8 Rxd8 20. Rd1 Rxd1 21. Kxd1 Bd8 22. Ne3 Ne7 23. Nd2 Kc6 24. Kc2 b5 25. axb5+ axb5 26. c4 Ba5 27. cxb5+ Kxb5 28. Ndc4 Bc7 29. b3 Nc6 30. Nf5 Nd4+ 31. Nxd4+ cxd4 32. Nb2 Bd6 33. Nd3 h5 34. Kd1 h4 35. Ke2 Kc6 36. Kf2 Kd7 37. g3 hxg3+ 38. Kxg3 Ke6 39. Kg4 Bf8 40. Kh5 f5 41. Kg5 Be7+ 42. Kh5 fxe4 43. fxe4 f5 44. exf5+ Kxf5 45. b4 e4 46. Nc5 Bxc5 47. bxc5 d3 48. c6 d2 49. c7 d1=Q+ 0-1


[Site "https://www.chess.com"]

[Event "Titled Tuesday Blitz April 25 Early 2023"]
[White "Bekkedahl, Zachary"]
[Black "Vidruska, Renate"]
[WhiteFideId "2069156"]
[BlackFideId "11601841"]
[WhiteElo "1943"]
[BlackElo "1976"]
[Result "0-1"]
[Round "11"]
[TimeControl "180+2"]
[Date "2023.04.25"]
[WhiteClock "0:00:23"]
[BlackClock "0:00:17"]

1. e4 c5 2. Nf3 g6 3. g3 Bg7 4. Bg2 Nc6 5. O-O d6 6. Re1 Nf6 7. c3 e5 8. d3 O-O 9. Nbd2 Be6 10. Nf1 h6 11. Ne3 Kh7 12. h3 Nd7 13. Kh2 f5 14. exf5 gxf5 15. Nh4 f4 16. Be4+ Kg8 17. Nef5 d5 18. Nxg7 Kxg7 19. Qh5 Qg5 20. Bf3 Qxh5 21. Bxh5 fxg3+ 22. fxg3 Rf2+ 23. Ng2 d4 24. c4 Nf6 25. Be2 e4 26. Bf4 Bf5 27. g4 exd3 28. gxf5 Rxe2 29. Rg1 Rae8 30. Kh1 Rxb2 31. Ne1+ Kf7 32. Nxd3 Rbe2 33. Rae1 Rxe1 34. Rxe1 Rxe1+ 35. Nxe1 Ne4 36. Nd3 b6 37. Kg2 Kf6 38. Bxh6 Ne7 39. Bf8 Nxf5 40. Kf3 Ng5+ 41. Kg4 Ne6 42. Bxc5 bxc5 43. Nf4 Nxf4 44. Kxf4 Ne3 45. h4 Nxc4 46. h5 Kg7 47. Ke4 Kh6 48. Kd3 Ne5+ 49. Ke4 d3 50. Ke3 c4 0-1


[Site "https://www.chess.com"]

[Event "Titled Tuesday Blitz April 25 Early 2023"]
[White "Degtiarev, Evgeny"]
[Black "Levitan, Caleb Levi"]
[WhiteFideId "4149610"]
[BlackFideId "14332620"]
[WhiteElo "2284"]
[BlackElo "1963"]
[Result "1-0"]
[Round "11"]
[TimeControl "180+2"]
[Date "2023.04.25"]
[WhiteClock "0:00:13"]
[BlackClock "0:00:03"]

1. d4 d5 2. c4 e6 3. Nc3 a6 4. cxd5 exd5 5. Nf3 Nf6 6. Bg5 Be6 7. e3 Nbd7 8. Bd3 Bd6 9. h3 c6 10. Qc2 Qc7 11. O-O h6 12. Bxf6 Nxf6 13. Bf5 Bxf5 14. Qxf5 O-O 15. Rac1 Qd7 16. Qd3 Rfe8 17. a3 Ne4 18. Na4 Qe7 19. b4 f5 20. Nc5 g5 21. Nd2 g4 22. Ndxe4 fxe4 23. Qe2 gxh3 24. Qg4+ Kh8 25. Qxh3 Qg7 26. Nxb7 Bf8 27. Na5 Rad8 28. Nxc6 Rd6 29. Ne5 Rf6 30. f3 exf3 31. Rxf3 Rxf3 32. Qxf3 Bd6 33. Nf7+ Kg8 34. Nxd6 Qe7 35. Qxd5+ Kh8 36. Nf7+ Kg7 37. Ne5 Qf6 38. Rc7+ Kh8 39. Qe4 Re7 40. Rxe7 Qxe7 41. Ng6+ Kg7 42. Nxe7 Kf8 43. Nf5 1-0


[Site "https://www.chess.com"]

[Event "Titled Tuesday Blitz April 25 Early 2023"]
[White "Sovetbekova, Nurai"]
[Black "Quirke, Jeffrey"]
[WhiteFideId "13801910"]
[BlackFideId "2013029"]
[WhiteElo "1857"]
[BlackElo "2222"]
[Result "1-0"]
[Round "11"]
[TimeControl "180+2"]
[Date "2023.04.25"]
[WhiteClock "0:00:01"]
[BlackClock "0:00:01"]

1. d4 e6 2. c4 b6 3. Nc3 Bb4 4. Bd2 Bb7 5. e3 f5 6. Nf3 Nf6 7. Be2 O-O 8. O-O a5 9. Qc2 Bxc3 10. Bxc3 Ne4 11. Rfd1 Qe8 12. d5 Na6 13. a3 Nac5 14. b4 Nxc3 15. Qxc3 Ne4 16. Qb2 Qe7 17. dxe6 dxe6 18. Rd3 axb4 19. axb4 Rxa1+ 20. Qxa1 Qxb4 21. Ra3 Rd8 22. Ra7 Nc5 23. Nd4 Qd2 24. Bf1 f4 25. Nf3 Qd6 26. Nd4 fxe3 27. fxe3 Qe5 28. Qc1 Rf8 29. Ra2 Qf6 30. Qe1 Ne4 31. Nf3 Ng5 32. Nxg5 Qxg5 33. g3 Be4 34. Bg2 Bxg2 35. Kxg2 Qe5 36. Qe2 Qe4+ 37. Kg1 h6 38. Rd2 Rf3 39. Rd8+ Kh7 40. Rd3 c6 41. Qc2 h5 42. c5 1-0


[Site "https://www.chess.com"]

[Event "Titled Tuesday Blitz April 25 Early 2023"]
[White "Coelho, Ramyres Santana"]
[Black "Todorovic, Bojan"]
[WhiteFideId "2120690"]
[BlackFideId "917087"]
[WhiteElo "1888"]
[BlackElo "2266"]
[Result "0-1"]
[Round "11"]
[TimeControl "180+2"]
[Date "2023.04.25"]
[WhiteClock "0:02:01"]
[BlackClock "0:02:17"]

1. e4 g6 2. Bc4 Bg7 3. Qf3 e6 4. c3 Ne7 5. h4 d5 6. exd5 exd5 7. Bd3 h5 8. Nh3 Nbc6 9. Ng5 Ne5 10. Qe2 Nxd3+ 11. Qxd3 Bf5 12. Qb5+ c6 13. Qxb7 Bd3 14. Na3 O-O 15. f3 Nf5 16. Kf2 Qd6 17. Rh3 Qc5+ 18. Ke1 Qg1# 0-1


[Site "https://www.chess.com"]

[Event "Titled Tuesday Blitz April 25 Early 2023"]
[White "GregLeBarbare"]
[Black "Gonzalez, Francisco Silva"]
[BlackFideId "1512285"]
[WhiteElo "2163"]
[BlackElo "2074"]
[Result "0-1"]
[Round "11"]
[TimeControl "180+2"]
[Date "2023.04.25"]
[WhiteClock "0:00:22"]
[BlackClock "0:01:26"]

1. d4 Nf6 2. Bf4 d5 3. Nf3 c5 4. e3 Nc6 5. Nbd2 cxd4 6. exd4 Bf5 7. c3 a6 8. Ne5 Qc8 9. h3 e6 10. g4 Bg6 11. Nxg6 hxg6 12. Bg2 Qd7 13. O-O Bd6 14. Bxd6 Qxd6 15. Re1 Kf8 16. Nb3 b6 17. Nc1 a5 18. a4 Rb8 19. Nd3 Ne4 20. f4 f5 21. Ne5 Nxe5 22. fxe5 Qe7 23. Bxe4 dxe4 24. Kg2 Qh4 25. Rh1 f4 26. Qe1 f3+ 27. Kg1 e3 28. Qxh4 Rxh4 29. Kh2 Ke7 30. Kg3 Rbh8 31. Kxf3 Rxh3+ 32. Rxh3 Rxh3+ 33. Ke2 Rh2+ 34. Kxe3 Rxb2 35. Kd3 g5 36. Kc4 Kf7 37. Rf1+ Ke7 38. Rf8 Kxf8 0-1


[Site "https://www.chess.com"]

[Event "Titled Tuesday Blitz April 25 Early 2023"]
[White "Hartikainen, Jarmo"]
[Black "Albuquerque Junior,Wellington S."]
[WhiteFideId "503134"]
[BlackFideId "2151480"]
[WhiteElo "2154"]
[BlackElo "2109"]
[Result "0-1"]
[Round "11"]
[TimeControl "180+2"]
[Date "2023.04.25"]
[WhiteClock "0:00:10"]
[BlackClock "0:00:19"]

1. e4 c5 2. c3 Nf6 3. e5 Nd5 4. d4 cxd4 5. Nf3 Nc6 6. cxd4 d6 7. Nc3 e6 8. Bd3 Be7 9. Qe2 Nxc3 10. bxc3 b6 11. Bd2 Bb7 12. h4 Rc8 13. h5 h6 14. O-O Na5 15. Rfd1 Qc7 16. Bb5+ Bc6 17. Rac1 Bxb5 18. Qxb5+ Qc6 19. Qxc6+ Rxc6 20. exd6 Bxd6 21. Ne5 Bxe5 22. dxe5 Nc4 23. Bf4 Ke7 24. Rd3 Rd8 25. Rcd1 Rxd3 26. Rxd3 Rc5 27. Rg3 Kf8 28. Rd3 Rd5 29. Rxd5 exd5 30. Kf1 Ke7 31. Ke2 Ke6 32. g4 Nxe5 33. f3 b5 34. Bc1 a6 35. Ke3 g6 36. hxg6 fxg6 37. a3 h5 38. gxh5 gxh5 39. f4 Nc6 40. Kf3 Kf5 41. Kg3 d4 42. cxd4 Nxd4 43. Kh4 Ne2 44. Bd2 Nxf4 45. Bxf4 Kxf4 46. Kxh5 a5 0-1


[Site "https://www.chess.com"]

[Event "Titled Tuesday Blitz April 25 Early 2023"]
[White "Antonio, Jorge Carlos"]
[Black "Jaivardhan Raj"]
[WhiteFideId "113190"]
[BlackFideId "25744437"]
[WhiteElo "2247"]
[BlackElo "1772"]
[Result "0-1"]
[Round "11"]
[TimeControl "180+2"]
[Date "2023.04.25"]
[WhiteClock "0:00:18"]
[BlackClock "0:02:46"]

1. d4 Nf6 2. Nf3 b6 3. Bf4 Bb7 4. e3 g6 5. Be2 Bg7 6. O-O O-O 7. Nbd2 d6 8. c3 Nbd7 9. Re1 Re8 10. Bd3 e5 11. dxe5 dxe5 12. Bg5 h6 13. Bxf6 Nxf6 14. e4 Qxd3 15. Qb3 Qd7 16. Rad1 Qe6 17. Qc2 Rad8 18. Nf1 Rxd1 19. Rxd1 Bxe4 20. Re1 Bxc2 0-1


[Site "https://www.chess.com"]

[Event "Titled Tuesday Blitz April 25 Early 2023"]
[White "Barwinska, Ewa"]
[Black "dDobravcan"]
[WhiteFideId "21833761"]
[WhiteElo "1908"]
[BlackElo "2149"]
[Result "1-0"]
[Round "11"]
[TimeControl "180+2"]
[Date "2023.04.25"]
[WhiteClock "0:00:06"]
[BlackClock "0:00:01"]

1. e4 d6 2. d4 Nf6 3. Nc3 c6 4. f4 Qa5 5. Bd2 Qb6 6. Nf3 Nbd7 7. a3 e5 8. fxe5 d5 9. exf6 Nxf6 10. e5 Ne4 11. Bd3 Nxd2 12. Qxd2 Qxb2 13. O-O Qb6 14. Rab1 Qc7 15. Ng5 Be6 16. Qf4 Be7 17. Nxe6 fxe6 18. Qf7+ Kd7 19. Na4 b6 20. c4 Raf8 21. Qh5 g6 22. Qg4 dxc4 23. Bxc4 Rf5 24. Rxf5 exf5 25. Qg3 Kc8 26. Ba6+ Kd7 27. e6+ Kd8 28. Qxc7+ Kxc7 29. d5 cxd5 30. Rc1+ Kd6 31. Re1 Rf8 32. Nc3 Rf6 33. Nb5+ Kc5 34. Nxa7 d4 35. Bc8 Kd5 36. Bd7 d3 37. Nb5 Bc5+ 38. Kf1 Be7 39. Rd1 Kc4 40. Nc7 Rf8 41. Ne8 g5 42. Nc7 f4 43. Nd5 g4 44. Nxe7 f3 45. g3 h5 46. Nc6 1-0


[Site "https://www.chess.com"]

[Event "Titled Tuesday Blitz April 25 Early 2023"]
[White "White, John S."]
[Black "Jiganchine, Roman"]
[WhiteFideId "2502348"]
[BlackFideId "2603667"]
[WhiteElo "2029"]
[BlackElo "2251"]
[Result "0-1"]
[Round "11"]
[TimeControl "180+2"]
[Date "2023.04.25"]
[WhiteClock "0:00:55"]
[BlackClock "0:00:16"]

1. e4 c6 2. d4 d5 3. Nc3 dxe4 4. Nxe4 Nf6 5. Nxf6+ exf6 6. Bc4 Bd6 7. h3 O-O 8. Nf3 Re8+ 9. Be3 Bf4 10. Qd2 Nd7 11. O-O Bxe3 12. fxe3 Nb6 13. Bb3 a5 14. a3 a4 15. Ba2 Be6 16. Bxe6 Rxe6 17. b3 axb3 18. cxb3 Qd5 19. Qc3 Rae8 20. Rfe1 Nd7 21. a4 c5 22. dxc5 Nxc5 23. b4 Ne4 24. Qd4 Qh5 25. Rac1 h6 26. Rc7 Rd6 27. Qc4 Nd2 28. Nxd2 Rxd2 29. Rxb7 Qg6 30. Qg4 Qc2 31. a5 h5 32. Qxh5 Rxg2+ 33. Kh1 Rh2+ 34. Kg1 Qg2# 0-1


[Site "https://www.chess.com"]

[Event "Titled Tuesday Blitz April 25 Early 2023"]
[White "Necula, Iulian"]
[Black "Lach, Aleksandra"]
[WhiteFideId "1232380"]
[BlackFideId "1134299"]
[WhiteElo "1790"]
[BlackElo "2111"]
[Result "0-1"]
[Round "11"]
[TimeControl "180+2"]
[Date "2023.04.25"]
[WhiteClock "0:00:33"]
[BlackClock "0:00:12"]

1. d4 c5 2. d5 e5 3. Nc3 d6 4. e4 f5 5. Nf3 Nf6 6. Bb5+ Nbd7 7. exf5 a6 8. Bd3 Nb6 9. O-O c4 10. Be4 Nxe4 11. Nxe4 Bxf5 12. Bg5 Be7 13. Bxe7 Qxe7 14. Ng3 O-O 15. Nxf5 Rxf5 16. c3 Qf7 17. Nd2 Qxd5 18. Qg4 Rf4 19. Qe2 Raf8 20. Rad1 Qe6 21. Ne4 d5 22. Nc5 Qe7 23. b4 cxb3 24. Nxb3 Re4 25. Qd3 Rd8 26. Rfe1 Rxe1+ 27. Rxe1 Nc4 28. h3 b5 29. f4 Qa7+ 30. Kh2 exf4 31. Nd4 Qf7 32. Ne6 Rd7 33. Qf3 h6 34. Qxf4 Qxf4+ 35. Nxf4 d4 36. Re8+ Kf7 37. cxd4 Kxe8 0-1


[Site "https://www.chess.com"]

[Event "Titled Tuesday Blitz April 25 Early 2023"]
[White "Tymrakiewicz, Rafal"]
[Black "Ciuffoletti, Paolo"]
[WhiteFideId "1108832"]
[BlackFideId "807630"]
[WhiteElo "2151"]
[BlackElo "2143"]
[Result "1-0"]
[Round "11"]
[TimeControl "180+2"]
[Date "2023.04.25"]
[WhiteClock "0:01:28"]
[BlackClock "0:00:13"]

1. d4 d5 2. c4 c6 3. Nc3 Nf6 4. cxd5 cxd5 5. Bf4 Nc6 6. e3 Bf5 7. Qb3 Na5 8. Qa4+ Bd7 9. Qc2 e6 10. Nf3 Rc8 11. Bd3 Be7 12. O-O O-O 13. Ne5 Be8 14. Rfc1 b5 15. Qe2 b4 16. Nb5 a6 17. Na7 Rxc1+ 18. Rxc1 Bd7 19. Nac6 Bxc6 20. Nxc6 Nxc6 21. Rxc6 a5 22. Qc2 Qd7 23. Rc7 Qe8 24. Ra7 Qc8 25. Rxe7 Qxc2 26. Bxc2 Rc8 27. Rc7 1-0


[Site "https://www.chess.com"]

[Event "Titled Tuesday Blitz April 25 Early 2023"]
[White "Rudzinska, Michalina"]
[Black "Amitpal, Singh"]
[WhiteFideId "1172883"]
[BlackFideId "5012899"]
[WhiteElo "2219"]
[BlackElo "2107"]
[Result "1-0"]
[Round "11"]
[TimeControl "180+2"]
[Date "2023.04.25"]
[WhiteClock "0:01:26"]
[BlackClock "0:00:19"]

1. e4 e5 2. Nf3 Nc6 3. Nc3 Nf6 4. Bb5 Bc5 5. O-O d6 6. d4 exd4 7. Nxd4 Bxd4 8. Qxd4 O-O 9. Bxc6 bxc6 10. Bg5 Ba6 11. Rfe1 c5 12. Qd2 Re8 13. Nd5 Re6 14. Bxf6 gxf6 15. Re3 Re5 16. Rg3+ Rg5 17. Nxf6+ Qxf6 18. Rxg5+ Kh8 19. Re1 Qxb2 20. e5 Re8 21. Qf4 Qc3 22. Qf6# 1-0


[Site "https://www.chess.com"]

[Event "Titled Tuesday Blitz April 25 Early 2023"]
[White "Winkels, Marcel"]
[Black "Chakravarthi Reddy, M"]
[WhiteFideId "1003887"]
[BlackFideId "25009532"]
[WhiteElo "1900"]
[BlackElo "2201"]
[Result "0-1"]
[Round "11"]
[TimeControl "180+2"]
[Date "2023.04.25"]
[WhiteClock "0:00:56"]
[BlackClock "0:02:16"]

1. d4 d5 2. Nc3 c6 3. Bf4 Nf6 4. e3 e6 5. Nf3 Bd6 6. Ne5 O-O 7. Bd3 Bxe5 8. Bxe5 Nbd7 9. Bg3 Re8 10. h4 e5 11. dxe5 Nxe5 12. h5 Bg4 13. f3 Nxf3+ 14. gxf3 Rxe3+ 15. Kd2 Rxf3 16. Qe1 Nxh5 17. Rxh5 Bxh5 18. Qe5 f5 19. Be2 Qg5+ 20. Bf4 Rxf4 21. Bxh5 Re4+ 0-1


[Site "https://www.chess.com"]

[Event "Titled Tuesday Blitz April 25 Early 2023"]
[White "Dzhaparov, Medet"]
[Black "Maluco_do_Natal_00"]
[WhiteFideId "13803689"]
[WhiteElo "1690"]
[BlackElo "2007"]
[Result "0-1"]
[Round "11"]
[TimeControl "180+2"]
[Date "2023.04.25"]
[WhiteClock "0:00:16"]
[BlackClock "0:01:03"]

1. e4 c5 2. Nf3 Nc6 3. d4 cxd4 4. Nxd4 Nf6 5. Nc3 e5 6. Ndb5 d6 7. Bg5 a6 8. Na3 b5 9. Nd5 Be7 10. Nxe7 Qxe7 11. c3 h6 12. Bxf6 Qxf6 13. Nc2 O-O 14. Bd3 Ne7 15. O-O Bb7 16. Ne3 d5 17. exd5 Nxd5 18. Nxd5 Bxd5 19. Bxb5 Bxg2 20. Kxg2 axb5 21. Rg1 Rfd8 22. Qg4 Ra4 23. Qg3 Rd2 24. Kh1 Rxf2 25. Rae1 Qc6+ 26. Rg2 Qxg2+ 27. Qxg2 Rxg2 28. Kxg2 Rxa2 29. Rxe5 Rxb2+ 30. Kh3 Rb3 31. Rc5 b4 32. Rc8+ Kh7 0-1


[Site "https://www.chess.com"]

[Event "Titled Tuesday Blitz April 25 Early 2023"]
[White "Lohani, Sujana"]
[Black "Floresvillar Gonzalez, Luis Migu"]
[WhiteFideId "12311987"]
[BlackFideId "5100542"]
[WhiteElo "1718"]
[BlackElo "2040"]
[Result "0-1"]
[Round "11"]
[TimeControl "180+2"]
[Date "2023.04.25"]
[WhiteClock "0:00:01"]
[BlackClock "0:00:47"]

1. d4 d5 2. Nf3 c6 3. c4 Bf5 4. Nc3 e6 5. Qb3 Qb6 6. c5 Qxb3 7. axb3 a6 8. h3 Nd7 9. b4 f6 10. b5 cxb5 11. Nxb5 Rc8 12. Na7 Rc7 13. Bf4 e5 14. dxe5 fxe5 15. Nxe5 Nxe5 16. Bxe5 Rxc5 17. e3 Nf6 18. Be2 Rc2 19. Bd1 Bb4+ 20. Kf1 Rc5 21. Kg1 Ke7 22. Bd4 Rc7 23. Kh2 Ra8 24. Bb3 Rd8 25. Bb6 Bd6+ 26. Kg1 Re8 27. Bxc7 Bxc7 28. Ba4 Rd8 29. g3 Bb6 30. Nb5 axb5 31. Bxb5 Rc8 32. Kg2 Rc2 33. Rhc1 Rxb2 34. Ba4 d4 35. exd4 Bxd4 36. Rf1 Nd5 37. Rae1+ Kf7 38. Rd1 Ne3+ 39. Kf3 Nxd1 40. Rxd1 Bxf2 41. Rf1 Bc5 42. Kf4 Bxh3 43. Rf3 b6 44. Kg5+ Ke7 45. Kh4 Be6 0-1


[Site "https://www.chess.com"]

[Event "Titled Tuesday Blitz April 25 Early 2023"]
[White "Flis, Pawel"]
[Black "Vargas, Mauricio"]
[WhiteFideId "1112864"]
[BlackFideId "4404572"]
[WhiteElo "1822"]
[BlackElo "1998"]
[Result "1-0"]
[Round "11"]
[TimeControl "180+2"]
[Date "2023.04.25"]
[WhiteClock "0:00:38"]
[BlackClock "0:01:05"]

1. e4 e5 2. d4 exd4 3. Nf3 Nc6 4. Bc4 Bb4+ 5. c3 dxc3 6. O-O c2 7. Qxc2 d6 8. Nc3 Nf6 9. Bg5 h6 10. Bxf6 Qxf6 11. Nd5 Qg6 12. Nxc7+ Kd7 13. Nxa8 b6 14. a3 Bc5 15. Bb5 Bb7 16. b4 Rxa8 17. bxc5 bxc5 18. e5 a6 19. Ba4 Kd8 20. exd6 Nd4 21. Qxg6 Nxf3+ 22. gxf3 fxg6 23. Kg2 g5 24. Kg3 h5 25. Rab1 Bc8 26. Rfe1 h4+ 27. Kg2 Bd7 28. Bxd7 Kxd7 29. Rb6 a5 30. Re7+ Kd8 31. Rxg7 c4 32. Rg8+ Kd7 33. Rxa8 c3 34. Rb1 c2 35. Rc1 Kxd6 36. Rxc2 a4 37. Rxa4 g4 38. fxg4 h3+ 39. Kxh3 Kd5 40. Rb2 Ke5 41. Rb5+ Kd6 42. Ra6+ Kc7 43. Rh5 Kb7 44. Rg6 1-0


[Site "https://www.chess.com"]

[Event "Titled Tuesday Blitz April 25 Early 2023"]
[White "Sanchez, Robert"]
[Black "Prado, Alexandra"]
[WhiteFideId "2034360"]
[BlackFideId "3301346"]
[WhiteElo "1942"]
[BlackElo "1759"]
[Result "0-1"]
[Round "11"]
[TimeControl "180+2"]
[Date "2023.04.25"]
[WhiteClock "0:00:43"]
[BlackClock "0:00:03"]

1. e4 c5 2. d4 cxd4 3. c3 dxc3 4. Nxc3 g6 5. Nf3 Bg7 6. Bc4 Nc6 7. O-O d6 8. Bf4 Nf6 9. h3 O-O 10. Qe2 Nd7 11. Rfd1 Nde5 12. Bb3 Nxf3+ 13. Qxf3 Ne5 14. Qe2 Be6 15. Nd5 Re8 16. Qb5 b6 17. Rac1 Bd7 18. Qa6 Bc8 19. Qe2 Rb8 20. Bxe5 Bxe5 21. f4 Bg7 22. e5 Bb7 23. e6 f5 24. Ba4 Rf8 25. Bd7 Bxd5 26. Rxd5 Rb7 27. Qb5 Rc7 28. Re1 Rc5 29. Rxc5 bxc5 30. b3 Qb6 31. Qc4 a5 32. Rd1 Qb4 33. g3 Bf6 34. Kg2 Rb8 35. Qa6 Qc3 36. Rd3 Qc2+ 37. Kf1 Qc1+ 38. Ke2 Qc2+ 39. Rd2 Qe4+ 40. Kd1 Qf3+ 41. Kc2 Qc3+ 42. Kd1 Qf3+ 43. Kc2 Qxg3 0-1


[Site "https://www.chess.com"]

[Event "Titled Tuesday Blitz April 25 Early 2023"]
[White "Larina, Maria"]
[Black "Calhoun, Luke"]
[WhiteFideId "24113182"]
[BlackFideId "2064421"]
[WhiteElo "1848"]
[BlackElo "2253"]
[Result "1-0"]
[Round "11"]
[TimeControl "180+2"]
[Date "2023.04.25"]
[WhiteClock "0:01:58"]
[BlackClock "0:00:15"]

1. e4 c5 2. Nc3 Nc6 3. g3 g6 4. Bg2 Bg7 5. d3 e6 6. Be3 b6 7. Qd2 Nge7 8. Bh6 O-O 9. h4 Nd4 10. Bxg7 Kxg7 11. h5 Rh8 12. e5 Nec6 13. O-O-O Bb7 14. h6+ Kf8 15. f4 Qc7 16. Ne4 1-0